 Dungeon Crawl Stone Soup version 0.27.1-34-g3ba077fa99 (webtiles) character file.

Game seed: 9781024862387309424

98688 MisterFreud the Brawler (level 15, -1/153 HPs)
             Began as a Troll Berserker on Jan 21, 2022.
             Was the Champion of Trog.
             Slain by a skeletal warrior (22 damage)
             ... on level 15 of the Dungeon.
             The game lasted 00:33:36 (17106 turns).

MisterFreud the Brawler (Troll Berserker)          Turns: 17106, Time: 00:33:37

Health: -1/153     AC: 13    Str: 29    XL:     15   Next: 75%
Magic:  14/14      EV: 13    Int:  4    God:    Trog [******]
Gold:   985        SH:  0    Dex: 11    Spells: 14/14 levels left

rFire    + + +     SeeInvis +     - Unarmed
rCold    + . .     Faith    .   (no shield)
rNeg     + . .     Spirit   .   b - +0 steam dragon scales
rPois    +         Reflect  .   g - +2 hat
rElec    .         Harm     .   O - +3 cloak of Servitude {Rampage rPois Regen+ Int-2}
rCorr    +         Rampage  +   (gloves unavailable)
Will     ++++.     NoCast   +   (boots unavailable)
Stlth    +.........             a - amulet of Juetin {-Cast +Inv rF++ Regen+ SInv}
HPRegen  4.35/turn              H - ring of protection from cold
MPRegen  0.14/turn              J - ring of Sunu Nuys {Drain rF+ rN+ Will+ rCorr}

@: about to teleport, strong-willed, on berserk cooldown, regenerating, slowed,
studying 2 skills, very slow
A: large, unfitting armour, claws 3, regeneration 1, shaggy fur 1, tough skin 1
a: Renounce Religion, Evoke Invisibility, Berserk, Trog's Hand, Brothers in Arms


You were on level 15 of the Dungeon.
You worshipped Trog.
Trog was exalted by your worship.
You visited 2 branches of the dungeon, and saw 21 of its levels.
You also visited: Bailey.

You collected 1312 gold pieces.
You spent 327 gold pieces at shops.

Inventory:

Hand Weapons
 r - a +3 whip of electrocution
Missiles
 l - 82 poisoned darts
 u - 4 boomerangs
 E - 2 curare-tipped darts
 G - 9 javelins
 I - 6 datura-tipped darts
 P - 41 large rocks (quivered)
Armour
 b - +0 steam dragon scales (worn)
 g - a +2 hat (worn)
 N - a +0 kite shield
 O - the +3 cloak of Servitude (worn) {Rampage rPois Regen+ Int-2}
   (You bought it in a shop on level 10 of the Dungeon)

   Int:       It affects your intelligence (-2).
   rPois:     It protects you from poison.
   Regen:     It increases your rate of health regeneration.
   Rampage:   It bestows one free step when moving towards enemies.
Jewellery
 a - the amulet of Juetin (around neck) {-Cast +Inv rF++ Regen+ SInv}
   (You found it on level 6 of the Lair of Beasts)

   [amulet of regeneration]

   rF:        It greatly protects you from fire.
   SInv:      It lets you see invisible.
   +Inv:      It lets you turn invisible.
   -Cast:     It prevents spellcasting.
   Regen:     It increases your rate of health regeneration.
 v - a ring of poison resistance
 x - a ring of protection from fire
 H - a ring of protection from cold (left claw)
 J - the ring of Sunu Nuys (right claw) {Drain rF+ rN+ Will+ rCorr}
   (You took it off a tengu warrior on level 9 of the Dungeon)

   [ring of positive energy]

   rF:        It protects you from fire.
   rN:        It protects you from negative energy.
   rCorr:     It protects you from acid and corrosion.
   Drain:     It drains your maximum health when unequipped.
   Will:      It increases your willpower.
 K - a ring of protection from cold
 L - an amulet of reflection
 M - a ring of flight
Wands
 q - a wand of acid (28)
 s - a wand of polymorph (39)
 z - a wand of iceblast (9)
 D - a wand of flame (19)
 W - a wand of paralysis (22)
Scrolls
 h - 6 scrolls of magic mapping
 i - 3 scrolls of immolation
 n - a scroll of fog
 p - 12 scrolls of identify
 t - a scroll of holy word
 y - 3 scrolls of enchant weapon
 C - 7 scrolls of teleportation
 T - 2 scrolls of fear
Potions
 c - 11 potions of curing
 d - 2 potions of flight
 e - 2 potions of resistance
 j - 4 potions of lignification
 k - 7 potions of haste
 m - a potion of cancellation
 o - 4 potions of magic
 A - 2 potions of might
 B - 8 potions of heal wounds
 F - 5 potions of attraction
Miscellaneous
 w - a phantom mirror
 Q - a condenser vane
 R - a tin of tremorstones (2/2)
 X - a box of beasts
 Y - a lightning rod (4/4)


   Skills:
 + Level 11.0 Fighting
 - Level 10.0 Throwing
 - Level 10.0 Dodging
 + Level 2.5 Shields
 + Level 15.8 Unarmed Combat
 - Level 12.0 Evocations


You had 14 spell levels left.
You didn't know any spells.
Your spell library was empty.

Dungeon Overview and Level Annotations

Branches:
Dungeon (15/15)            Temple (0/1) D:4            Lair (6/6) D:10
  Swamp (0/4) Lair:3       Spider (0/4) Lair:2        Slime (0/5) Lair:5
    Orc (0/2) D:10         Vaults (0/5) D:13         Bailey (visited)
 Depths: D:15

Altars:
Cheibriados
Sif Muna
Trog
Xom
The Shining One

Shops:
D:1 ?   D:10 [   D:11 =   D:13 ?

Annotations:
D:6 2 runed translucent doors, ioannis32's ghost, novice DsBe


Innate Abilities, Weirdness & Mutations

You are too large for most types of armour.
You have claws for hands.
Your natural rate of healing is unusually fast.
You are covered in fur. (AC +1)
You have tough skin. (AC +1)


Message History

The skeletal warrior hits you with a +0 short sword.
The skeletal warrior hits you from afar with a +0 glaive!!
Unknown command.
A red film seems to cover your vision as you go berserk!
You feel yourself moving faster!
You feel mighty!
The skeletal warrior hits you with a +0 short sword!
The skeletal warrior hits you from afar with a +0 glaive!!
* * * LOW HITPOINT WARNING * * *
You completely miss the skeletal warrior.
The skeletal warrior hits you with a +0 short sword!
* * * LOW HITPOINT WARNING * * *
You mangle the skeletal warrior!! Your claw misses the skeletal warrior.
The skeletal warrior is moderately damaged.
The skeletal warrior barely misses you.
You closely miss the skeletal warrior.
The skeletal warrior is moderately damaged.
The skeletal warrior hits you with a +0 short sword.
* * * LOW HITPOINT WARNING * * *
You barely miss the skeletal warrior.
The skeletal warrior is moderately damaged.
The skeletal warrior hits you from afar with a +0 glaive!!
* * * LOW HITPOINT WARNING * * *
You completely miss the skeletal warrior.
The skeletal warrior is moderately damaged.
You scratch the skeletal warrior.
The skeletal warrior is heavily damaged.
The skeletal warrior hits you but does no damage.
The skeletal warrior hits you from afar with a +0 glaive!
* * * LOW HITPOINT WARNING * * *
You barely miss the skeletal warrior.
The skeletal warrior is heavily damaged.
You feel a strong urge to attack something.
You are no longer berserk.
You are exhausted.
You feel yourself slow down.
As you read the scroll of teleportation, it crumbles to dust.
You feel strangely unstable.
The skeletal warrior hits you but does no damage.
The skeletal warrior hits you from afar with a +0 glaive!!
You die...

#..............##
#.####............###
#...........#######
######Z##...))...#
##..# #.#########.#
#.... #.# #.# #...#
#Z#### #.# #...#
#.zz.# #.# #...#
####@# ###.## #...#
#.# #....###...# #.#
#..#.......#
#.####....###.#.#
#.#.........#.#.##
#.............#...
###.........######
####...#### #...#


You could see 2 skeletal warriors and an ice dragon zombie.

Vanquished Creatures
  Frances (D:12)
  A caustic shrike zombie (D:15)
  A stone giant (D:10)
  4 dire elephants (Lair:6)
  A yaktaur captain (D:13)
  9 hydras
  2 boulder beetles
  5 vault guards (D:13)
  3 centaur warriors
  2 death knights (D:14)
  3 death yaks (D:10)
  2 two-headed ogres
  Urug (D:13)
  3 tengu warriors
  A vampire mage (D:15)
  Nergalle (Lair:1)
  A skeletal warrior (D:14)
  A deep elf knight (D:13)
  A spectral anaconda (Lair:6)
  An obsidian statue (Lair:6)
  3 deep elf pyromancers
  Pikel (D:4)
  3 necromancers (Lair:6)
  An orb spider (shapeshifter) (D:13)
  A phantasmal warrior (D:14)
  2 orc knights (D:10)
  7 ugly things
  7 oklob plants
  8 cyclopes
  3 manticores
  5 black mambas
  A dire elephant zombie (Lair:6)
  15 elephants (Lair:6)
  18 cane toads
  A torpor snail (Lair:4)
  2 gargoyles
  A cane toad (shapeshifter) (D:13)
  3 unseen horrors
  13 komodo dragons
  2 freezing wraiths (D:14)
  An unseen horror (shapeshifter) (D:14)
  6 rime drakes
  A yaktaur (D:10)
  A tengu conjurer (D:13)
  4 polar bears
  9 trolls
  Prince Ribbit (D:5)
  21 blink frogs
  5 slime creatures
  3 dream sheep (Lair:4)
  A water elemental (D:13)
  A shadow (D:11)
  8 wraiths
  62 yaks
  3 vampires
  2 wyverns
  5 humans (D:13)
  A steam dragon (D:7)
  6 basilisks
  10 vampire mosquitoes
  5 death yak simulacra (Lair:6)
  2 spectral cane toads (Lair:6)
  Duvessa (D:7)
  An acid dragon (D:12)
  13 water moccasins
  3 sky beasts
  A black bear (Lair:4)
  4 ogres
  6 orc warriors
  3 ice beasts
  3 wolves (Lair:4)
  7 centaurs
  2 elephant skeletons (Lair:6)
  A lemure (D:4)
  2 kobold brigands
  12 bullfrogs
  A gnoll sergeant (D:13)
  3 scorpions
  3 cane toad simulacra (Lair:6)
  A wyvern zombie (D:6)
  Dowan (D:7)
  10 killer bees (D:9)
  A water moccasin skeleton (D:4)
  4 howler monkeys
  An electric eel (Lair:1)
  2 jellies (D:7)
  3 centaur zombies
  3 crimson imps (D:4)
  9 hounds
  2 bullfrog skeletons (D:6)
  2 centaur skeletons
  6 orc priests
  8 iguanas
  A scorpion zombie (D:4)
  8 orc wizards
  12 hell rats (Lair:3)
  A hound zombie (D:5)
  A hound skeleton (D:4)
  A howler monkey zombie (D:8)
  A howler monkey skeleton (D:7)
  A gnoll (D:4)
  12 adders
  12 river rats (Lair:3)
  A white imp (D:5)
  A worm (D:4)
  3 dart slugs
  44 orcs
  5 ball pythons
  8 endoplasms
  7 giant cockroaches
  9 goblins
  4 hobgoblins
  14 jackals
  22 kobolds
  2 quokkas
  5 bats
  2 frilled lizards
  9 rats
  A spectral goblin (D:1)
605 creatures vanquished.

Vanquished Creatures (collateral kills)
  2 centaur warriors (D:9)
  A tengu warrior (D:9)
  A deep elf pyromancer (D:9)
  An ugly thing (D:9)
  A hornet (D:6)
  2 orc warriors
  A wight (D:6)
  A howler monkey zombie (D:9)
10 creatures vanquished.

Vanquished Creatures (others)
  2 humans (D:13)
  34 fungi
  31 plants
  16 withered plants
83 creatures vanquished.

Grand Total: 698 creatures vanquished

Notes
Turn   | Place    | Note
-------+----------+-------------------------------------------
     0 | D:1      | MisterFreud the Troll Berserker began the quest for the
                  | Orb.
     0 | D:1      | Reached XP level 1. HP: 22/22 MP: 0/0
    83 | D:1      | Reached XP level 2. HP: 29/29 MP: 1/1
   202 | D:1      | Found a faded altar of an unknown god.
   274 | D:1      | Reached skill level 4 in Unarmed Combat
   502 | D:1      | Reached ** piety under Trog
   507 | D:1      | Found Botael's Magic Scroll Emporium.
   515 | D:1      | Reached XP level 3. HP: 36/36 MP: 2/2
  1282 | D:3      | Found a large runed translucent door.
  1290 | D:3      | Reached XP level 4. HP: 40/44 MP: 3/3
  1302 | D:3      | Reached skill level 5 in Unarmed Combat
  1406 | D:3      | Found a large runed translucent door.
  1538 | D:3      | Reached *** piety under Trog
  1984 | D:3      | Found a bloodstained altar of Trog.
  1999 | D:3      | Found a snail-covered altar of Cheibriados.
  2010 | D:3      | Reached XP level 5. HP: 50/50 MP: 4/4
  2086 | D:4      | Reached skill level 6 in Unarmed Combat
  2114 | D:4      | Found a staircase to the Ecumenical Temple.
  2296 | D:4      | Reached XP level 6. HP: 59/59 MP: 5/5
  2326 | D:4      | Reached skill level 7 in Unarmed Combat
  2362 | D:4      | Noticed Pikel
  2368 | D:4      | Killed Pikel
  2369 | D:4      | Reached skill level 8 in Unarmed Combat
  2369 | D:4      | Reached XP level 7. HP: 7/71 MP: 6/6
  2412 | D:4      | Reached **** piety under Trog
  2481 | D:4      | Reached skill level 5 in Fighting
  2644 | D:4      | Found a shimmering altar of Xom.
  2654 | D:4      | Reached XP level 8. HP: 76/80 MP: 7/7
  2727 | D:5      | Entered Level 5 of the Dungeon
  3059 | D:5      | Noticed Prince Ribbit
  3073 | D:5      | Killed Prince Ribbit
  3111 | D:5      | Reached skill level 9 in Unarmed Combat
  3353 | D:6      | Reached XP level 9. HP: 89/89 MP: 8/8
  3506 | D:6      | Found a large runed translucent door.
  3506 | D:6      | Found a large runed translucent door.
  3506 | D:6      | Noticed ioannis32's ghost (novice DsBe)
  3550 | D:6      | Paralysed by a hornet for 2 turns
  3586 | D:6      | Reached skill level 5 in Dodging
  4017 | D:7      | Reached skill level 10 in Unarmed Combat
  4063 | D:7      | Noticed a troll
  4069 | D:7      | Killed a troll
  4292 | D:7      | Noticed Duvessa
  4292 | D:7      | Noticed Dowan
  4299 | D:7      | Killed Dowan
  4304 | D:7      | Killed Duvessa
  4459 | D:7      | Found a glowing golden altar of the Shining One.
  4655 | D:8      | Reached ***** piety under Trog
  4705 | D:8      | Reached XP level 10. HP: 104/104 MP: 9/9
  4825 | D:8      | Found the +9 sword of Zonguldrok {reap}
  5323 | D:9      | Reached skill level 11 in Unarmed Combat
  5664 | D:9      | Noticed a purple ugly thing
  5664 | D:9      | Noticed a deep elf pyromancer
  5672 | D:9      | Noticed a brown ugly thing
  5674 | D:9      | Identified the ring of Sunu Nuys {Drain rF+ rN+ Will+
                  | rCorr}
  5674 | D:9      | Noticed a tengu warrior
  5680 | D:9      | Killed a brown ugly thing
  5688 | D:9      | Noticed a centaur warrior
  5695 | D:9      | Noticed a centaur warrior
  5700 | D:9      | Killed a tengu warrior
  5701 | D:9      | Reached skill level 12 in Unarmed Combat
  5701 | D:9      | Killed a purple ugly thing
  5702 | D:9      | Killed a centaur warrior
  5703 | D:9      | Killed a deep elf pyromancer
  5704 | D:9      | Reached skill level 5 in Throwing
  5704 | D:9      | Killed a centaur warrior
  5717 | D:9      | Identified the +2 plate armour "Juohusuexi" {Harm rN+ Int-2
                  | SInv}
  6180 | D:10     | Entered Level 10 of the Dungeon
  6197 | D:10     | Reached XP level 11. HP: 109/111 MP: 10/10
  6300 | D:10     | Found a staircase to the Orcish Mines.
  6416 | D:10     | Noticed a death yak
  6426 | D:10     | Noticed a death yak
  6430 | D:10     | Killed a death yak
  6580 | D:10     | Found a staircase to the Lair.
  6755 | D:10     | Found Vuddouha's Antique Armour Boutique.
  6758 | D:10     | Bought a heavily runed cloak for 256 gold pieces
  6758 | D:10     | Identified the +3 cloak of Servitude {Rampage rPois Regen+
                  | Int-2} (You bought it in a shop on level 10 of the Dungeon)
  6916 | D:10     | Noticed a white ugly thing
  6923 | D:10     | Killed a white ugly thing
  6963 | D:10     | Noticed a deep elf pyromancer
  6970 | D:10     | Killed a deep elf pyromancer
  6974 | D:10     | Noticed a stone giant
  6982 | D:10     | Killed a stone giant
  7023 | D:10     | Noticed an orc knight
  7027 | D:10     | Killed an orc knight
  7043 | D:10     | Noticed a deep elf pyromancer
  7050 | D:10     | Killed a deep elf pyromancer
  7062 | D:10     | Noticed a centaur warrior
  7067 | D:10     | Killed a centaur warrior
  7071 | D:10     | Noticed an orc knight
  7083 | D:10     | Killed an orc knight
  7214 | D:10     | Noticed a death yak
  7245 | D:10     | Killed a death yak
  7254 | D:10     | Killed a death yak
  7255 | D:10     | Reached skill level 10 in Fighting
  7255 | D:10     | Reached XP level 12. HP: 107/126 MP: 11/11
  7357 | D:11     | Reached skill level 1 in Evocations
  7599 | D:11     | Found Cadumno's Jewellery Emporium.
  7861 | D:12     | Noticed a two-headed ogre
  7907 | D:12     | Identified the +7 glaive of the Present {vorpal, Will++}
                  | (Trog gifted it to you on level 12 of the Dungeon)
  7907 | D:12     | Received a gift from Trog
  7932 | D:12     | Noticed Frances
  8002 | D:12     | Killed Frances
  8060 | D:12     | Killed a two-headed ogre
  8169 | D:12     | Reached ****** piety under Trog
  8438 | D:13     | Found Sydyfulo's Magic Scroll Boutique.
  8446 | D:13     | Bought a scroll of magic mapping for 38 gold pieces
  8446 | D:13     | Bought a scroll of teleportation for 33 gold pieces
  8486 | D:13     | Found a flagged portal.
  8497 | Bailey   | Entered a bailey
  9155 | D:13     | Noticed a tengu warrior
  9163 | D:13     | Noticed a boulder beetle
  9166 | D:13     | Killed a tengu warrior
  9167 | D:13     | Reached XP level 13. HP: 86/133 MP: 12/12
  9342 | D:13     | Reached skill level 10 in Dodging
  9399 | D:13     | Reached skill level 5 in Evocations
  9517 | D:13     | Noticed Urug
  9529 | D:13     | Killed Urug
  9834 | D:13     | Found a gate to the Vaults.
  9991 | D:13     | Reached skill level 10 in Throwing
 10041 | Lair:1   | Entered Level 1 of the Lair of Beasts
 10327 | Lair:1   | Noticed Nergalle
 10361 | Lair:1   | Killed Nergalle
 10774 | Lair:1   | Identified a scroll of acquirement
 10774 | Lair:1   | Acquired a manual of Evocations
 10946 | Lair:2   | Found a hole to the Spider Nest.
 11514 | Lair:3   | Found a staircase to the Swamp.
 11568 | Lair:3   | Reached XP level 14. HP: 143/143 MP: 13/13
 11621 | Lair:3   | Reached skill level 13 in Unarmed Combat
 12084 | Lair:3   | Received a gift from Trog
 12106 | Lair:3   | Found a shimmering blue altar of Sif Muna.
 13090 | Lair:4   | Found a dark tunnel.
 13511 | Lair:5   | Found a staircase to the Slime Pits.
 13519 | Lair:5   | Reached skill level 14 in Unarmed Combat
 13531 | Lair:5   | Reached skill level 10 in Evocations
 13611 | Lair:5   | Received a gift from Trog
 14253 | Lair:6   | Entered Level 6 of the Lair of Beasts
 14416 | Lair:6   | Reached skill level 15 in Unarmed Combat
 14559 | Lair:6   | Reached XP level 15. HP: 130/149 MP: 14/14
 14993 | Lair:6   | Received a gift from Trog
 15839 | Lair:6   | Identified the amulet of Juetin {-Cast +Inv rF++ Regen+
                  | SInv}
 16312 | D:14     | Found a bloodstained altar of Trog.
 16586 | D:14     | Received a gift from Trog
 16610 | D:14     | Reached skill level 1 in Shields
 16871 | D:15     | Entered Level 15 of the Dungeon
 17101 | D:15     | HP: 11/229 [skeletal warrior (10)]
 17106 | D:15     | Slain by a skeletal warrior

Illustrated notes

Levels and vault maps discovered:
D:1:      amcnicky_arrival_choice, layout_loops_ring, serial_shops,
          nicolae_shop_waterfront, dreamdust_ecumenical_altar_drowned_temple
D:2:      layout_loops_ring, minmay_misc_feat_rugged,
          chequers_serial_rivers_small_b, minmay_misc_feat_rows
D:3:      layout_loops_corners, jmf_multi_god_temple2,
          chequers_serial_rivers_micro_e
D:4:      layout_rooms, led_xom_imps, minmay_temple_entry_ruins,
          nzn_random_ring, uniq_pikel
D:5:      layout_gridville, uniq_prince_ribbit1
D:6:      layout_basic, ebering_ghost_disaster_area, serial_bayou_pond_b
D:7:      layout_basic, mainiacjoe_overflow_six_doors_small, uniq_duvessa
D:8:      layout_loops_ring
D:9:      minmay_the_grid_triangle_9x9_recursive_2
          [minmay_the_grid_triangle_9x9_prize_center,
          minmay_the_grid_triangle_9x9_flanged_cone,
          minmay_the_grid_triangle_9x9_descending_squares,
          minmay_the_grid_triangle_9x9_longest], layout_basic
D:10:     layout_irregular_city, dpeg_lair_monsters, david_orc_2, serial_shops,
          shop_statue, minmay_evil_grid
D:11:     layout_cave_pools, serial_shops, nicolae_shop_stone
D:12:     layout_rooms, uniq_frances
D:13:     nzn_winding_woodlands_medium [nzn_winding_woodlands_5x5_cross,
          nzn_winding_woodlands_5x15_river_crossing,
          nzn_winding_woodlands_hourglass, nzn_winding_woodlands_5x5_default,
          nzn_winding_woodlands_center_diamonds,
          nzn_winding_woodlands_5x5_open_star, nzn_winding_woodlands_5x5_three,
          nzn_winding_woodlands_5x15_longhouse,
          nzn_winding_woodlands_5x5_perimeter], layout_basic,
          ximxim_vaults_locker_room, enter_bailey_3, serial_shops, shop,
          uniq_urug
D:14:     layout_small_grid, serial_bayou_pond_e, minivault_24,
          trog_ov_bears_minmay
D:15:     gammafunk_depths_entry_grave, layout_loops_ring, okawaru_gym_becter
Lair:1:   layout_loops_ring, infiniplex_staircase_pool, uniq_nergalle
Lair:2:   layout_loops_ring, dummy_spider_entry
Lair:3:   layout_chaotic_city, minmay_swamp_entry_reptiles, basic_altar,
          kennysheep_rathole, grunt_megastairs_1
Lair:4:   layout_cellular_growth, enter_volcano_2, infiniplex_staircase_pool_2,
          minmay_lair_oklob_chamber, grunt_megastairs_2
Lair:5:   layout_regular_city, minmay_slime_entry_oklob_open
Lair:6:   due_jungle_book, layout_small_grid

Skill      XL: |  1  2  3  4  5  6  7  8  9 10 11 12 13 14 15 |
---------------+----------------------------------------------+-----
Unarmed Combat | 4 5 6 8 9 10 12 15 | 15.8
Fighting       | 4 5 6 7 8 10 11 | 11.0
Dodging        | 4 5 7 9 10 | 10.0
Throwing       | 5 6 8 10 | 10.0
Evocations     | 4 7 10 12 | 12.0
Shields        | 2 |  2.5

Action                   |  1- 3 |  4- 6 |  7- 9 | 10-12 | 13-15 || total
-------------------------+-------+-------+-------+-------+-------++-------
Melee: Unarmed           |   101 |   115 |   240 |   548 |  1158 ||  2162
       Punch             |     1 |     5 |     7 |    43 |    94 ||   150
Throw: Dart              |       |       |     2 |       |     1 ||     3
       Large rock        |       |       |       |       |    35 ||    35
       Throwing net      |       |       |       |       |     4 ||     4
Invok: Berserk           |       |       |     1 |     5 |     4 ||    10
       Brothers in Arms  |       |       |     1 |     1 |       ||     2
       Trog's Hand       |       |       |     1 |       |     3 ||     4
Evoke: Wand              |       |       |     1 |     2 |     1 ||     4
       Condenser vane    |       |       |       |       |     1 ||     1
  Use: Scroll            |       |     4 |     4 |     3 |    15 ||    26
       Potion            |       |       |     2 |       |       ||     2
 Stab: Sleeping          |       |     1 |       |       |       ||     1
Armor: Animal skin       |    32 |    37 |    56 |       |       ||   125
       Steam dragon scal |       |       |    18 |   277 |   390 ||   685
Dodge: Dodged            |    45 |    67 |   135 |   331 |   540 ||  1118
